 Dungeon Crawl Stone Soup version 0.19-a0-854-gc78d25d (webtiles) character file.

2258 Implojin the Grappler (level 9, 79/79 (80) HPs)
             Began as a Troll Fighter on July 1, 2016.
             Quit the game on level 4 of the Dungeon.
             The game lasted 00:09:52 (1933 turns).

Implojin the Grappler (Troll Fighter)               Turns: 1933, Time: 00:09:52

HP:   79/79 (80)    AC:  8    Str: 26    XL:     9   Next: 15%
MP:   8/8           EV:  8    Int:  4    God:
Gold: 0             SH: 10    Dex: 12    Spells: 0 memorised, 8 levels left

rFire  . . .     SeeInvis +       - Unarmed
rCold  . . .     Gourm    +     j - +0 robe {MR+}
rNeg   . . .     Faith    .     b - +1 shield
rPois  +         Spirit   .     (helmet restricted)
rElec  .         Dismiss  .     l - +2 cloak {rPois}
rCorr  .         Reflect  .     (gloves unavailable)
SustAt .         Harm     .     (boots unavailable)
MR     ++...                    r - amulet of inaccuracy
Stlth  +.........               p - ring of see invisible
                                v - ring of protection from magic

@: very resistant to hostile enchantments, very unstealthy
A: unfitting armour, claws 3, fast metabolism 3, gourmand, regeneration 2,
shaggy fur 1, tough skin 2
a: no special abilities


You were on level 4 of the Dungeon.
You were very hungry.

You visited 1 branch of the dungeon, and saw 8 of its levels.

Inventory:

Armour
 a - a +0 robe
 b - a +1 shield (worn)
 j - a +0 robe of magic resistance (worn)
 l - a +2 cloak of poison resistance (worn)
Jewellery
 f - an uncursed ring of resist corrosion
 p - a ring of see invisible (right claw)
 r - an amulet of inaccuracy (around neck)
 v - a ring of protection from magic (left claw)
Scrolls
 e - a scroll of enchant weapon
 m - 2 scrolls of remove curse
 o - a scroll of noise
 q - 2 scrolls of teleportation
 s - a scroll of recharging
 y - a scroll of identify
Potions
 c - a potion of might
 g - 2 potions of flight
 h - a potion of cancellation
 i - a potion of curing
 k - a potion of heal wounds
 n - a potion of agility {unknown}
 t - a potion of degeneration
 u - a potion of ambrosia
 w - a potion of cure mutation
 x - a potion of haste
Books
 z - a book of Fire

   Spells                             Type                      Level
   a - Ignite Poison                  Fire/Transmutation/Poison    3
   b - Fireball                       Conjuration/Fire             5
   c - Bolt of Fire                   Conjuration/Fire             6
   d - Delayed Fireball               Conjuration/Fire             7
   e - Ring of Flames                 Charms/Fire                  7
Comestibles
 d - 8 bread rations
 A - a meat ration


   Skills:
 - Level 2.4 Fighting
 - Level 2.4 Dodging
 - Level 2.4 Shields
 * Level 12.1 Unarmed Combat


You had 8 spell levels left.
You didn't know any spells.

Dungeon Overview and Level Annotations

Branches:
Dungeon (8/15)
 Temple: D:4-7         Lair: D:8-11

Altars:
Gozag
Nemelex Xobeh


Innate Abilities, Weirdness & Mutations

You are too large for most types of armour.
You have claws for hands.
Your metabolism is lightning-fast.
You like to eat raw meat.
You heal very quickly.
You are covered in fur. (AC +1)
You have very tough skin. (AC +2)


Message History

The giant gecko hisses angrily.
A dart slug comes into view.
The giant gecko bites you. You block the giant gecko's attack.
The dart slug launches a dart at you. The slug dart hits you!
A worm comes into view.
You block the giant gecko's attack. The worm bites you but does no damage.
You closely miss the worm. You block the giant gecko's attack.
You claw the worm!
You kill the worm!
The giant gecko bites you but does no damage.
You see here a worm corpse.
The giant gecko bites you.
You claw the giant gecko!
You kill the giant gecko!
The dart slug launches a dart at you. The slug dart hits you!
You see here a giant gecko corpse.
The dart slug closely misses you.
You see here a worm corpse.
You claw the dart slug!
You kill the dart slug!
You see here a dart slug corpse.
You are feeling very hungry.
Found a sparkling altar of Nemelex Xobeh.
Found a bread ration.
d - 8 bread rations (gained 1)
A worker ant comes into view.
A dart slug comes into view.
The worker ant twitches its antennae in your direction.
The worker ant bites you but does no damage.
You mangle the worker ant!!
You kill the worker ant!
Your shield prevents you from hitting the dart slug.
You block the dart slug's attack.
You claw the dart slug!
You kill the dart slug!
Are you sure you want to abandon this character and quit the game? (Confirm with "yes".)

#########
#####.......#
#.......###.#
#.###.#@#
#..#.# #
#.##.#
#.##.##.#
########
#.......#
#......#
####.####
#......#
#.......#
#......#
#.##.##.#
#......# #
#.# #
#..†...#


There were no monsters in sight!

Vanquished Creatures
  Joseph (D:7)
  A spriggan (D:7)
  Edmund (D:6)
  Duvessa (D:4)
  A water moccasin (D:6)
  An orc warrior (D:7)
  3 ice beasts
  2 ogres
  A necrophage (D:6)
  Dowan (D:4)
  A scorpion (D:6)
  3 howler monkeys (D:7)
  A crimson imp (D:7)
  A quasit (D:6)
  A centaur skeleton (D:7)
  A hound (D:7)
  Crazy Yiuf (D:2)
  A gnoll shaman (D:4)
  Ijyb (D:2)
  Natasha (twice) (D:2)
  3 worker ants
  A hound skeleton (D:6)
  Robin (D:2)
  7 adders
  8 gnolls
  A shadow imp (D:6)
  An ooze (D:4)
  3 worms
  2 dart slugs (D:4)
  7 giant geckos
  4 orcs
  4 bats (D:2)
  3 giant cockroaches
  15 goblins (D:2)
  3 hobgoblins (D:2)
  10 jackals
  A quokka (D:4)
  A giant newt (D:4)
  3 rats
104 creatures vanquished.

Notes
Turn   | Place    | Note
-------+----------+-------------------------------------------
     0 | D:1      | Implojin the Troll Fighter began the quest for the Orb.
     0 | D:1      | Reached XP level 1. HP: 22/22 MP: 0/0
   143 | D:2      | Noticed Ijyb
   162 | D:2      | Killed Ijyb
   162 | D:2      | Reached skill level 3 in Unarmed Combat
   162 | D:2      | Reached XP level 2. HP: 21/29 MP: 1/1
   162 | D:2      | Reached XP level 3. HP: 26/36 MP: 2/2
   237 | D:2      | Found a runed door.
   241 | D:2      | Noticed Crazy Yiuf
   249 | D:2      | Killed Crazy Yiuf
   249 | D:2      | Reached skill level 4 in Unarmed Combat
   296 | D:2      | Reached XP level 4. HP: 44/44 MP: 3/3
   297 | D:2      | Noticed Natasha
   302 | D:2      | Killed Natasha
   343 | D:2      | Noticed Robin
   363 | D:2      | Killed Robin
   367 | D:2      | Reached skill level 5 in Unarmed Combat
   450 | D:2      | Noticed Natasha
   464 | D:2      | Killed Natasha
   464 | D:2      | Reached XP level 5. HP: 49/50 MP: 4/4
   594 | D:3      | Reached skill level 6 in Unarmed Combat
   718 | D:5      | Entered Level 5 of the Dungeon
   937 | D:6      | Noticed an ogre
   942 | D:6      | Killed an ogre
   942 | D:6      | Reached XP level 6. HP: 40/59 MP: 5/5
   965 | D:6      | Noticed an ice beast
   991 | D:6      | Killed an ice beast
   991 | D:6      | Reached skill level 7 in Unarmed Combat
  1067 | D:6      | Reached XP level 7. HP: 59/65 MP: 6/6
  1081 | D:7      | Noticed a spriggan baker
  1088 | D:7      | Killed a spriggan baker
  1088 | D:7      | Reached skill level 8 in Unarmed Combat
  1143 | D:7      | Reached skill level 9 in Unarmed Combat
  1200 | D:7      | Reached XP level 8. HP: 63/73 MP: 7/7
  1246 | D:7      | Noticed Joseph
  1268 | D:7      | Killed Joseph
  1268 | D:7      | Reached skill level 10 in Unarmed Combat
  1326 | D:8      | Reached skill level 11 in Unarmed Combat
  1395 | D:7      | Found an opulent altar of Gozag.
  1428 | D:6      | Noticed Edmund
  1433 | D:6      | Killed Edmund
  1566 | D:4      | Reached XP level 9. HP: 66/79 MP: 8/8
  1667 | D:4      | Noticed Duvessa
  1671 | D:4      | Noticed Dowan
  1705 | D:4      | Killed Duvessa
  1708 | D:4      | Killed Dowan
  1751 | D:4      | Reached skill level 12 in Unarmed Combat
  1894 | D:4      | Found a sparkling altar of Nemelex Xobeh.
  1933 | D:4      | Quit the game

Vault maps used:
D:1:      onia_arrival_mini_maze
D:2:      minmay_goblin_outpost, uniq_natasha, uniq_iyjb, uniq_robin,
          uniq_crazy_yiuf_cottage, uniq_sigmund
D:3:      gammafunk_temple_overflow_forgotten, first_bread,
          grunt_decor_one_mirror, serial_bayou_lagoon_a,
          corexii_item_surrounded_by_moat
D:4:      lemuel_coloured_pillars_altar, uniq_duvessa
D:5:      minmay_statues_item
D:6:      st_stairs_8, uniq_edmund
D:7:      the_bakery, nicolae_gozag_seed_capital, uniq_joseph
D:8:      serial_co_window_serial, co_window_of_opportunity_a,
          co_window_paths_a, co_window_paths_a, co_window_corner_a,
          co_window_corner_a, co_window_paths_c, co_window_corner_cb,
          co_window_broadway_b, co_window_2corner, co_window_broadway_c,
          co_window_unsneaky_path_e, co_window_4corner_a, co_window_paths_e,
          glass_columns_b, glass_columns_a, uniq_prince_ribbit1, uniq_grum

Skill      XL: |  1  2  3  4  5  6  7  8  9 |
---------------+----------------------------+-----
Unarmed Combat | 3 4 5 6 7 9 11 12 | 12.1
Fighting       | |  2.4
Dodging        | |  2.4
Shields        | |  2.4

Action                   |  1- 3 |  4- 6 |  7- 9 || total
-------------------------+-------+-------+-------++-------
Melee: Unarmed           |    48 |   141 |   185 ||   374
  Use: Scroll            |       |       |    15 ||    15
  Eat: Chunk             |       |    11 |     3 ||    14
Armor: Robe              |    18 |    44 |    42 ||   104
Dodge: Dodged            |    17 |    44 |    50 ||   111
Block: Shield            |    28 |    44 |    87 ||   159

Table legend:
 A = Turns spent in this place as a percentage of turns spent in the entire game.
 B = Non-inter-level travel turns spent in this place as a percentage of non-inter-level travel turns spent in the entire game.
 C = Inter-level travel turns spent in this place as a percentage of turns spent in this place.
 D = Turns resting spent in this place as a percentage of non-inter-level travel turns spent in this place.
 E = Turns spent auto-exploring this place as a percentage of non-inter-level travel turns spent in this place.
 F = Non-inter-level travel turns spent in this place divided by the number of levels of this place that you've seen.
                   A       B       C       D       E      F
               +-------+-------+-------+-------+-------+----------------------
         Total | 100.0 | 100.0 |   0.0 |   0.0 |   0.0 | 238.1
       Dungeon | 100.0 | 100.0 |   0.0 |   0.0 |   0.0 | 238.1
               +-------+-------+-------+-------+-------+----------------------

Table legend:
 A = Kills in this place as a percentage of kills in entire the game.
 B = Kills by you in this place as a percentage of kills by you in the entire game.
 C = Kills by friends in this place as a percentage of kills by friends in the entire game.
 D = Other kills in this place as a percentage of other kills in the entire game.
 E = Experience gained in this place as a percentage of experience gained in the entire game.
 F = Experience gained in this place divided by the number of levels of this place that you have seen.
                   A       B       C       D       E      F
               +-------+-------+-------+-------+-------+----------------------
         Total | 100.0 | 100.0 |  -nan |  -nan | 100.0 | 403.2
       Dungeon | 100.0 | 100.0 |  -nan |  -nan | 100.0 | 403.2
               +-------+-------+-------+-------+-------+----------------------
